[Event "10th Cherry Blossom Classic 2023"]
[Site "Dulles"]
[Date "2023.05.25"]
[Round "1.1"]
[White "Nyzhnyk, Illya"]
[Black "Aripov, Iskandar"]
[Result "1/2-1/2"]
[ECO "E00"]
[WhiteElo "2644"]
[BlackElo "2211"]
[Annotator "TA"]
[PlyCount "100"]
[EventDate "2023.05.24"]
[EventType "swiss"]
[EventCountry "USA"]
[SourceTitle "playchess.com"]
[Source "ChessBase"]
[SourceQuality "1"]
[TimeControl "5400+30"]

1. d4 Nf6 2. c4 e6 3. g3 Bb4+ 4. Bd2 Bxd2+ 5. Qxd2 O-O 6. Bg2 d6 7. Nc3 Nc6 {[%emt 0:00:53] E00: Catalan Bogo-Indian (3 g3 Bb4+).} 8. e4 e5 9. Nge2 {[%emt 0:00:06] [#]} Bg4 $146 {[%emt 0:10:46] White is slightly better.} ({Predecessor:} 9... h5 10. h3 b6 11. O-O Bb7 12. Rad1 exd4 13. Nxd4 Nxd4 14. Qxd4 Re8 15. Rfe1 Qe7 {1-0 Fernandez,J (2218)-Glinz,G (2446) ARG-ch23 email 2010}) 10. f3 exd4 11. Nxd4 Be6 12. b3 Qd7 13. g4 Qe7 14. h4 Nd7 15. Nf5 Bxf5 16. gxf5 Nb6 17. f4 a5 18. Kf2 a4 19. Rae1 axb3 20. axb3 Qf6 21. Nb5 {[%emt 0:00:06] Wards off Ra3} Qe7 22. h5 h6 23. Bf3 Ra6 24. Ra1 (24. Rhg1 $14) 24... Rfa8 25. Rxa6 Rxa6 26. Kg3 Na5 27. Qc3 {[%emt 0:05:16][%cal Of5f6] f6! is the strong threat. White is much more active.} Nc6 28. Rd1 Ra2 29. b4 ({Better is} 29. f6 $14 gxf6 30. Kh3) 29... Ra4 30. Rb1 Na7 31. Na3 Nc6 32. Nc2 Nd7 33. Ne3 Nf6 34. b5 $2 {[%emt 0:00:00] [#]} (34. Nd5 $1 $11 {and White stays safe.} Nxe4+ 35. Bxe4 Qxe4 36. Re1 Qxf5 37. b5 Qxh5 38. Re8+ (38. bxc6 $2 {loses.} Ra2 $19) 38... Kh7 39. Qc2+ f5 40. Qxa4 Qg6+ 41. Kf3 Qxe8 42. bxc6) 34... Nxe4+ $19 35. Bxe4 Qxe4 36. Rd1 {[%emt 0:00:00][%cal Bb1d1,Bd1d3,Bd3a3][%mdl 32] Wards off Nd4} Ne7 37. Kg4 Ra2 $2 (37... g6 $17 38. fxg6 fxg6) 38. Qd3 $11 {[%emt 0:00:00] Really sharp! The position is equal.} Qxd3 39. Rxd3 {[%emt 0:00:00][%mdl 4096] Endgame KRN-KRN} b6 40. f6 $1 gxf6 41. Nf5 Nxf5 42. Kxf5 {[%emt 0:00:00] KR-KR} Re2 43. Ra3 Kg7 44. Rg3+ Kf8 45. Kxf6 {[%emt 0:00:00] [#] Strongly threatening f5.} Re6+ $1 ({Resist} 45... Re4 46. f5 $16) 46. Kf5 Ke7 47. Rg8 Rf6+ 48. Ke4 Re6+ 49. Kf5 Rf6+ 50. Ke4 Re6+ {[%emt 0:00:05] Weighted Error Value: White=0.16 (very precise) /Black=0.15 (very precise)} 1/2-1/2

[Event "10th Cherry Blossom Classic 2023"]
[Site "Dulles"]
[Date "2023.05.25"]
[Round "1.2"]
[White "Sriniaiyer, Sudarshan"]
[Black "Durarbayli, Vasif"]
[Result "1/2-1/2"]
[ECO "E48"]
[WhiteElo "2211"]
[BlackElo "2627"]
[Annotator "TA"]
[PlyCount "79"]
[EventDate "2023.05.24"]
[EventType "swiss"]
[EventCountry "USA"]
[SourceTitle "playchess.com"]
[Source "ChessBase"]
[SourceQuality "1"]
[TimeControl "5400+30"]

1. d4 {[%emt 0:00:30] Hecht,Hans Joachim} Nf6 2. c4 e6 3. Nc3 Bb4 4. e3 O-O 5. Bd3 c5 6. Nge2 d5 7. cxd5 cxd4 8. exd4 Nxd5 9. O-O Nc6 10. a3 Be7 11. Re1 {[%emt 0:02:08] E48: Nimzo-Indian: Rubinstein: 5 Bd3 d5 including 6 Ne2, but excluding 6 a3.} Bf6 12. Bc2 g6 13. Bh6 {[%emt 0:14:06] White is slightly better.} Re8 14. Ne4 {[%emt 0:03:48] [#]} Bh8 $146 ({Predecessor:} 14... Bg7 15. Qd2 b6 16. Bg5 f6 17. Bh4 Nce7 18. N4c3 Bb7 19. Bg3 Nf5 20. Bxf5 exf5 21. Nxd5 Qxd5 {1-0 Sasikiran,K (2569)-Yegiazarian,A (2567) Goodricke op 13th 2002 (9)}) 15. Qd2 b6 16. Ba4 (16. Rac1 $5 ) 16... Bb7 (16... Bd7 $5 ) 17. Rac1 Rc8 18. N2c3 Nxc3 19. bxc3 Qd5 $2 (19... f5 $16 {keeps fighting.}) 20. c4 Qxd4 21. Qxd4 Nxd4 22. Bxe8 {[%emt 0:02:03] [#] And now Nd6 would win.} Rxe8 23. Nd6 Re7 24. Nxb7 (24. c5 $18 b5 25. Nxb7 Rxb7 26. c6) 24... Rxb7 $16 25. c5 {[%emt 0:05:29] Threatens to win with cxb6.} Bg7 26. Bxg7 Kxg7 27. cxb6 axb6 {[%emt 0:00:13][%mdl 4096] Endgame KRR-KRN} 28. Rc4 Rd7 29. Kf1 b5 30. Rc3 g5 31. Rc5 Kg6 32. Rd1 Rd6 {[%emt 0:00:06] [#]} 33. a4 {[%emt 0:04:58] White is more active.} bxa4 $14 34. Rc4 e5 35. Rxa4 f6 36. g4 (36. Rda1 $14) 36... h5 $11 {[%emt 0:00:15] The position is equal.} 37. h3 Rb6 38. Raxd4 exd4 39. Rxd4 Rb1+ 40. Kg2 {[%emt 0:00:06] Black defended with fortune.   Weighted Error Value: White=0.15 (very precise) /Black=0.19 (very precise)} 1/2-1/2

[Event "10th Cherry Blossom Classic 2023"]
[Site "Dulles"]
[Date "2023.05.25"]
[Round "1.3"]
[White "Antipov, Mikhail Al."]
[Black "Tahmassebi, Bijan"]
[Result "1-0"]
[ECO "D24"]
[WhiteElo "2588"]
[BlackElo "2201"]
[Annotator "TA"]
[PlyCount "33"]
[EventDate "2023.05.24"]
[EventType "swiss"]
[EventCountry "USA"]
[SourceTitle "playchess.com"]
[Source "ChessBase"]
[SourceQuality "1"]
[TimeControl "5400+30"]

1. Nf3 {[%emt 0:00:43] ChessBase} Nf6 2. c4 e6 3. d4 d5 4. Nc3 dxc4 5. e4 Bb4 6. e5 Nd5 $1 7. Bd2 {[%emt 0:06:22] D24: Queen's Gambit Accepted: 3 Nf3 Nf6 4 Nc3.} (7. Qc2 $5 ) 7... Bxc3 8. bxc3 b5 9. a4 {[%emt 0:04:02] The position is equal.} c6 (9... b4 $11) 10. Ng5 $1 $14 f5 11. exf6 Nxf6 12. Be2 {[%emt 0:09:33] Black must now prevent axb5. White is more active.} a6 (12... O-O $16 {is a better defense.}) 13. Bf3 {[%emt 0:03:12][%mdl 1024] [#] Strongly threatening axb5. White has strong compensation.} Ra7 $146 ({Predecessor:} 13... h6 14. Bh5+ Nxh5 15. Qxh5+ Kd7 16. Nf7 Qe8 17. Qg6 Rg8 18. Bf4 Bb7 19. Bg3 Ke7 {1-0 Alekhine,A-Bogoljubow,E World-ch13 Alekhine-Bogoljubow +11-5=9 1929 (1)}) 14. Bf4 {[%emt 0:00:07] This pair of bishops is nice.} Bd7 $2 {[%emt 0:02:33][%mdl 8192] [#] Black is weak on the dark squares} (14... e5 $16 {is tougher.} 15. Bxe5 (15. dxe5 Qxd1+ 16. Rxd1 Nd5 $16) 15... Re7) 15. Bd6 $18 {[%emt 0:00:27] White is clearly winning.} Rb7 16. Qe2 Bc8 17. Qe5 {[%emt 0:00:47] White took control after the opening.   Weighted Error Value: White=0.06 (flawless) /Black=0.63} (17. Nxe6 $2 {perishes.} Qxd6 18. Ng5+ Re7 $19) 1-0

[Event "10th Cherry Blossom Classic 2023"]
[Site "Dulles"]
[Date "2023.05.25"]
[Round "1.4"]
[White "Laddha, Yash Jayesh"]
[Black "Burke, John M"]
[Result "1/2-1/2"]
[ECO "B67"]
[WhiteElo "2195"]
[BlackElo "2583"]
[Annotator "TA"]
[PlyCount "83"]
[EventDate "2023.05.24"]
[EventType "swiss"]
[EventCountry "USA"]
[SourceTitle "playchess.com"]
[Source "ChessBase"]
[SourceQuality "1"]
[TimeControl "5400+30"]

1. e4 c5 2. Nf3 d6 3. d4 cxd4 4. Nxd4 Nf6 5. Nc3 Nc6 6. Bg5 e6 7. Qd2 a6 8. O-O-O Bd7 9. f4 b5 10. Bxf6 gxf6 11. Kb1 Qb6 12. Nxc6 Bxc6 13. f5 Qc5 {[%emt 0:02:08] B67: Sicilian: Richter-Rauzer: 7...a6 8 0-0-0 Bd7, lines without 9 f4 Be7.} 14. fxe6 fxe6 15. Bd3 h5 {[%emt 0:02:55] White is slightly better.} 16. Rhf1 (16. Qe1 $5 ) 16... Bh6 17. Qe1 Qe5 {[%emt 0:01:01] Prevents Nd5.} 18. Ne2 {[%emt 0:16:11] [#]} Rg8 $146 (18... Bxe4 $2 19. Bxe4 Qxe4 20. Rxd6 $16) ({Predecessor:} 18... O-O-O 19. g3 d5 20. exd5 Bxd5 21. Qa5 Kb7 22. Rde1 Qc7 23. Qxc7+ Kxc7 24. Rxf6 h4 25. gxh4 {0-1 Martin Carmona,G (2285)-Turzo,A (2302) Titled Tuesday intern op 16th Feb blitz 2021 (6)}) 19. Qf2 O-O-O 20. a4 {[%emt 0:12:10] And now Nd4 would win.} ({Much less strong is} 20. Qb6 Bb7 $14) 20... Kb7 21. axb5 axb5 22. Qxf6 (22. Nd4 $16) 22... Bg7 $11 {[%emt 0:00:15] The position is equal.} 23. Qxe5 Bxe5 {[%emt 0:00:03] A strong pair of Bishops.} 24. g3 h4 25. Rf7+ Kb6 26. Re7 Rde8 27. Rxe8 Bxe8 28. Rf1 hxg3 29. hxg3 Rg4 30. Rh1 Bg6 31. Rh4 Rg5 32. Rh3 Kc5 33. Nf4 Bf7 34. Ne2 b4 35. Kc1 Rg4 36. b3 Bg6 37. Rh4 Rxh4 38. gxh4 Bf7 39. Bc4 d5 40. exd5 exd5 41. Bd3 Bf6 42. Kd2 {[%emt 0:01:07] Weighted Error Value: White=0.06 (flawless) /Black=0.03 (flawless)} 1/2-1/2

[Event "10th Cherry Blossom Classic 2023"]
[Site "Dulles"]
[Date "2023.05.25"]
[Round "1.5"]
[White "Khanin, Semen"]
[Black "Michelle Catherina, P."]
[Result "1-0"]
[ECO "E49"]
[WhiteElo "2566"]
[BlackElo "2193"]
[Annotator "TA"]
[PlyCount "51"]
[EventDate "2023.05.24"]
[EventType "swiss"]
[EventCountry "USA"]
[SourceTitle "playchess.com"]
[Source "ChessBase"]
[SourceQuality "1"]
[TimeControl "5400+30"]

1. d4 Nf6 2. c4 e6 3. Nc3 Bb4 4. e3 O-O 5. Bd3 d5 6. a3 Bxc3+ 7. bxc3 dxc4 8. Bxc4 c5 9. Bd3 {[%emt 0:02:19] E49: Nimzo-Indian: Rubinstein: 5 Bd3 d5 6 a3 Bxc3+ 7 bxc3.} (9. dxc5 Qxd1+ 10. Kxd1 Nbd7 $17) 9... Qc7 10. Bb2 e5 11. dxe5 $1 {[%emt 0:00:32][%cal Bd4e5,Be5e6][%mdl 32] The position is equal.} Ng4 12. c4 {[%emt 0:06:54] [#]} Qa5+ $146 (12... Nxe5 $11 {remains equal.} 13. Bxh7+ {[%mdl 64] Decoy} Kxh7 14. Qh5+ Kg8 15. Qxe5 (15. Bxe5 Qa5+ 16. Kf1 Nc6 $11) 15... Qxe5 16. Bxe5 b6) ({Predecessor:} 12... Nc6 13. Nf3 Rd8 14. Qc2 h6 15. Rd1 Re8 16. Qc3 Ngxe5 17. Be4 Nxf3+ 18. gxf3 f6 {1-0 Sarana,A (2668)-Le,Q (2722) Chess.com Rapid Wk22 Swiss 2022 (5)}) 13. Kf1 {[%emt 0:08:22] aiming for h3.} Nc6 14. Nf3 Re8 15. Ng5 {[%emt 0:20:53] Threatens to win with e6.} h6 $2 {[%emt 0:09:47] [#]} (15... Qd8 $16 16. Bxh7+ Kf8 17. Qxd8 (17. Qd6+ Qe7 $16) 17... Rxd8) 16. e6 $1 $40 {[%emt 0:01:35][%mdl 640] Black is in trouble.} hxg5 (16... Bxe6 17. Nxe6) 17. Qxg4 f6 {[%emt 0:01:46] [#]} (17... Rxe6 $142 18. Qxg5 (18. Qh5 Rh6 $16) 18... f6 {[%mdl 64] Decoy}) 18. Bf5 $1 {[%emt 0:16:40] Black must now prevent h4. A strong pair of Bishops.} Qd2 19. Rb1 {[%emt 0:00:56] Strongly threatening h4.} Kf8 20. h4 gxh4 (20... Bxe6 $142 21. hxg5 Qd3+ 22. Bxd3 Bxg4 23. gxf6 gxf6 24. Bxf6 b6) 21. Rxh4 {[%emt 0:00:45] Rh7 would kill now.} Bxe6 22. Rh8+ Bg8 {[%emt 0:07:39] [#]} 23. Rxg8+ $1 {[%emt 0:02:41][%mdl 512] White mates.} Kxg8 24. Bxf6 Re7 {[%emt 0:01:33] Black is weak on the light squares} 25. Bxe7 Nxe7 26. Be6+ {[%emt 0:00:05] Black did not feel at home in the position after the opening.   Weighted Error Value: White=0.13 (very precise) /Black=0.86} (26. Rxb7 $2 {loses.} Nxf5 27. Kg1 Qc1+ 28. Kh2 Rf8 $19) 1-0

[Event "10th Cherry Blossom Classic 2023"]
[Site "Dulles"]
[Date "2023.05.25"]
[Round "1.6"]
[White "Morefield, Jason"]
[Black "Matviishen, Viktor"]
[Result "1-0"]
[ECO "B12"]
[WhiteElo "2167"]
[BlackElo "2538"]
[Annotator "TA"]
[PlyCount "81"]
[EventDate "2023.05.24"]
[EventType "swiss"]
[EventCountry "USA"]
[SourceTitle "playchess.com"]
[Source "ChessBase"]
[SourceQuality "1"]
[TimeControl "5400+30"]

1. e4 {[%emt 0:00:02] Roiz,Michael} c6 2. d4 d5 3. e5 Bf5 4. h4 h5 5. Bd3 Bxd3 6. Qxd3 {[%emt 0:00:11][%cal Oe5e6] e6! would be deadly. B12: Caro-Kann: Advance Variation.} Qa5+ 7. Nd2 e6 8. Ngf3 {[%emt 0:00:15] The position is equal.} Nh6 {[%emt 0:00:14] The main line 8...Nh6 scores better than 8...Qa6.} 9. O-O Nf5 10. c4 Be7 11. g3 Nd7 12. b3 Rd8 13. Qc2 Rg8 (13... O-O $11) 14. Bb2 (14. Rd1 $16) 14... Nf8 {[%emt 0:05:29] [#]} 15. a3 $146 ({White should play} 15. cxd5 $11 cxd5 16. Rfc1) ({Predecessor:} 15. Ng5 Bxg5 16. hxg5 Ng6 17. Nf3 h4 18. g4 Nfe7 19. Rfe1 Rh8 20. Re3 Rd7 21. a4 {1-0 Ponomariov,R (2712)-Mchedlishvili,M (2605) EU-ch 18th Minsk 2017 (10)}) 15... Nh7 16. b4 Qb6 17. cxd5 cxd5 18. Qd3 (18. Kh1 $11 {remains equal.}) 18... g5 $17 19. hxg5 Nxg5 20. Nxg5 Rxg5 21. Nf3 Rg6 22. Nh2 Kd7 (22... Bg5 $1 $17) 23. Rfc1 $15 Rdg8 {[%emt 0:02:59][%cal Rg6g3] Hoping for ...Rxg3+!} 24. Kf1 (24. Kh1 $1 $11) 24... f6 (24... Rxg3 $17 25. fxg3 Rxg3) 25. Nf3 $11 h4 26. gxh4 Rg4 27. exf6 Bxf6 28. Rc5 Nd6 (28... Bxh4 $2 29. Ne5+ Kd6 30. Nxg4 Rxg4 31. Qf3 $18 (31. Qe2 Re4 $16)) 29. Rac1 (29. Ne5+ $2 Bxe5 30. dxe5 Ne4 $19) 29... Rf8 {[%emt 0:00:10] [#]} (29... Ne4 $11 {keeps the balance.}) 30. a4 (30. Ne5+ $1 $16 Bxe5 31. dxe5) 30... a5 $2 {[%emt 0:00:49][%mdl 8192] [#] Black cannot hold the game after this.} (30... Ne4 $11 {and Black has nothing to worry.} 31. a5 Nxc5 32. Qh7+ Rg7 33. Qxg7+ Bxg7 34. axb6 axb6 35. bxc5 Rxf3) 31. Ba3 $1 $18 (31. bxa5 Qxb2 32. Rb1 Qa2 $11) (31. Rxa5 Qxb4 32. Bc3 Qc4 33. Qxc4 Nxc4 $15) 31... axb4 32. a5 {[%emt 0:00:24][%mdl 64] Deflection} Qd8 (32... Qa6 $142 33. Rc7+ Ke8 34. Qxa6 bxa6) 33. Bxb4 Rf7 {[%emt 0:00:31] [#]} 34. Rb5 $1 Ke8 (34... Rgg7 35. Rb6) 35. Rb6 Ne4 36. Rxe6+ Be7 37. Qb5+ Kf8 38. Rxe7 ({Stronger than} 38. Qxb7 Bxb4 39. Qxb4+ Kg7 40. Rxe4 (40. Ke2 $2 Qxh4 41. Rf1 Rxf3 $19) 40... dxe4 $11) 38... Rxe7 39. Qxb7 {[%emt 0:00:56][%mdl 64] Pin. White mates.} Nd6 40. Bxd6 {[%emt 0:00:25][%mdl 64] Remove Defender, Deflection} Qxd6 41. Qc8+ {[%emt 0:00:06] An entertaining game by Morefield.   Weighted Error Value: White=0.15 (very precise) /Black=0.78} 1-0

[Event "10th Cherry Blossom Classic 2023"]
[Site "Dulles"]
[Date "2023.05.25"]
[Round "1.7"]
[White "Kantor, Gergely"]
[Black "Prabhu, Naveen"]
[Result "1-0"]
[ECO "D38"]
[WhiteElo "2535"]
[BlackElo "2138"]
[Annotator "TA"]
[PlyCount "59"]
[EventDate "2023.05.24"]
[EventType "swiss"]
[EventCountry "USA"]
[SourceTitle "playchess.com"]
[Source "ChessBase"]
[SourceQuality "1"]
[TimeControl "5400+30"]

1. d4 Nf6 2. c4 e6 3. Nf3 d5 4. Nc3 Bb4 5. Qa4+ Nc6 6. e3 O-O 7. Qc2 {[%emt 0:00:32] D38: Queen's Gambit Declined: Ragozin Defence (4 Nf3 Bb4).} dxc4 8. Bxc4 Bd6 9. O-O {[%emt 0:00:57] White is slightly better.} e5 10. h3 exd4 11. exd4 h6 12. Re1 {[%emt 0:07:36] [#]} Kh8 $146 ({Predecessor:} 12... Ne7 13. Ne5 c6 14. Qb3 Ned5 15. Bd2 Qb6 16. Nxd5 cxd5 17. Bxd5 Nxd5 18. Qxd5 Be6 {1-0 Urazayev,A (2458)-Abdilkhair,A (2278) KAZ-ch Semey 2022 (10)}) 13. a3 a6 14. b4 b6 15. Qa2 {[%emt 0:07:35] White is more active.} Kg8 $2 {[%emt 0:04:54] Black cannot hold the game after this.} (15... Bb7 $14) 16. Ne5 $18 Bxe5 17. dxe5 Nh7 18. Bd5 Qe8 19. Qc4 Bd7 20. Bb2 b5 21. Qc5 Rc8 $2 (21... Nd8 {is a better defense.} 22. Bxa8 Ne6) 22. Ne4 {[%emt 0:02:38] White is clearly winning.} Nd8 {[%emt 0:02:33] [#] Black is weak on the dark squares} 23. Nf6+ $1 gxf6 24. exf6 Ne6 25. Qc1 Nhg5 26. h4 Kh8 27. hxg5 {[%emt 0:00:29][%cal Oe1e6] Rxe6! is the strong threat.} Rg8 28. f4 {[%emt 0:00:47] Hoping for g6.} Qf8 29. Bxe6 Bxe6 {[%emt 0:00:08] [#]} 30. Rxe6 $1 {[%emt 0:00:08][%mdl 576] Remove Defender, Promotion. Artfully played by Kantor.   Weighted Error Value: White=0.02 (flawless) /Black=0.31} 1-0

[Event "10th Cherry Blossom Classic 2023"]
[Site "Dulles"]
[Date "2023.05.25"]
[Round "1.8"]
[White "Girsh, Daniel"]
[Black "Druska, Juraj"]
[Result "0-1"]
[ECO "C11"]
[WhiteElo "2123"]
[BlackElo "2496"]
[Annotator "TA"]
[PlyCount "102"]
[EventDate "2023.05.24"]
[EventType "swiss"]
[EventCountry "USA"]
[SourceTitle "playchess.com"]
[Source "ChessBase"]
[SourceQuality "1"]
[TimeControl "5400+30"]

1. e4 e6 2. d4 d5 3. Nc3 Nf6 4. e5 Nfd7 5. f4 c5 6. Nf3 Nc6 7. Be3 a6 8. Qd2 b5 9. dxc5 Bxc5 10. Bd3 {[%emt 0:00:05] C11: French: Classical System: 4 e5 and 4 Bg5 dxe4.} Qb6 ({Resist} 10... d4 11. Nxd4 Bxd4 12. Bxd4 $14) 11. Bf2 h6 12. O-O {[%emt 0:01:42] The position is equal.} Bb7 13. Rae1 O-O-O {[%emt 0:11:46][%cal Be8c8,Bc8c7,Bc7b6,Bb6a7][%mdl 32] [#]} 14. Bxc5 $146 ({Predecessor:} 14. Nd1 Rdg8 15. Kh1 Bxf2 16. Nxf2 Kb8 17. c3 Re8 18. Bc2 Rd8 19. a4 b4 20. Nd4 {½-½ Akash,G (2424)-Das,S (2425) Goa op 1st Taleigao 2018 (10)}) 14... Nxc5 15. Qf2 g6 16. a3 b4 (16... Kc7 $11) 17. Nb1 (17. axb4 $16 Qxb4 18. Na2 Nxd3 19. cxd3 (19. Nxb4 Nxf2 20. Nxc6 Nh3+ 21. gxh3 Bxc6 $11)) 17... Kc7 $11 18. Nbd2 Rc8 19. Be2 ({Better is} 19. Ra1 $14) 19... bxa3 20. bxa3 Ne4 {[%emt 0:00:07][%mdl 64] Pin} 21. Qxb6+ Kxb6 22. c4 Nxd2 23. Nxd2 Nd4 24. Bd3 Ka7 25. Rc1 Rhd8 26. Kf2 (26. cxd5 $11 Bxd5 27. Kf2) 26... dxc4 $1 $15 27. Rxc4 {[%emt 0:03:45] [#]} Nb3 {[%emt 0:03:59] Prevents Rfc1} 28. Rxc8 Bxc8 29. Nxb3 Rxd3 $11 {[%emt 0:00:02][%mdl 4096] Endgame KRB-KRN} 30. Rb1 Rc3 31. Rc1 Rxc1 32. Nxc1 {[%emt 0:00:01] KB-KN} Kb6 {[%emt 0:00:05] With the idea ...Kb5.} 33. Ne2 (33. Ke3 $11 {keeps the balance.}) 33... Bb7 $17 34. g4 Kb5 $1 {[%emt 0:00:26] Threatens to win with ...Ka4.} 35. f5 $2 {[%emt 0:02:56][%mdl 8192] White does not recover from this.} gxf5 $19 (35... exf5 36. gxf5 gxf5 37. Nd4+ Ka4 38. Nxf5 $17) 36. gxf5 exf5 37. Nd4+ Ka4 $1 38. Nxf5 h5 $1 ({Worse is} 38... Kxa3 39. Nxh6 Kb4 40. Nxf7 $11) 39. Ke3 Kxa3 {[%emt 0:00:33] Strongly threatening ...Bc8.} 40. Kd4 {[%emt 0:01:02] [#]} Bc8 $1 41. Ne7 Bd7 {[%emt 0:03:57] And now ...Kb3 would win.} 42. Kc3 {[%emt 0:00:14] [#]} (42. e6 fxe6 43. Kc3) 42... h4 $1 {[%emt 0:01:18] Black is clearly winning.} 43. Nd5 a5 44. Ne3 Be6 45. Ng2 h3 46. Ne3 Ka4 {[%emt 0:00:30] aiming for ...Kb5.} 47. Nc2 Kb5 48. Kd4 a4 49. Kc3 Kc5 50. Na3 Bb3 51. Nb1 Kd5 {[%emt 0:00:31] Weighted Error Value: White=0.73/Black=0.16 (very precise)} 0-1

[Event "10th Cherry Blossom Classic 2023"]
[Site "Dulles"]
[Date "2023.05.25"]
[Round "1.9"]
[White "Bora, Safal"]
[Black "Altman, Joshua"]
[Result "1-0"]
[ECO "C00"]
[WhiteElo "2462"]
[BlackElo "2120"]
[Annotator "TA"]
[PlyCount "73"]
[EventDate "2023.05.24"]
[EventType "swiss"]
[EventCountry "USA"]
[SourceTitle "playchess.com"]
[Source "ChessBase"]
[SourceQuality "1"]
[TimeControl "5400+30"]

1. e4 e6 2. d3 d5 3. Qe2 Nf6 4. Nf3 Be7 5. g3 c5 6. Bg2 Nc6 7. O-O b6 8. e5 Nd7 9. c4 d4 10. Ne1 {[%emt 0:01:31] C00: French: Unusual White 2nd moves.} Bb7 (10... Ndxe5 $2 11. f4 $18) 11. f4 Qc7 12. Nd2 {[%emt 0:00:49] White has an edge.} h5 (12... Rb8 $11) 13. h4 {[%emt 0:15:04] [#]} g6 $146 ({Predecessor:} 13... O-O-O 14. Nef3 Kb8 15. Ne4 Rde8 16. Bd2 Ka8 17. a3 f6 18. b4 fxe5 19. b5 Na5 20. Bxa5 bxa5 21. Nxe5 Nxe5 22. fxe5 Qxe5 {½-½ Gabrielian,A (2460)-Yudin,S (2469) Almaty Academy IM2 12 2022 (6)}) 14. Ne4 O-O-O (14... a6 $14) 15. Bd2 Rdf8 ({Better is} 15... Ndb8) 16. a3 $16 {[%emt 0:02:31] White is more active.} Kb8 17. Nc2 a6 (17... f5 $16) 18. b4 $18 Rd8 (18... f5 $142) 19. Rab1 Na7 20. Rb2 Nc8 (20... Nc6 $142 21. Rfb1 cxb4 22. axb4 (22. Nxb4 Ka7 $16) 22... Na7) 21. Rfb1 Ka7 22. Ne1 Rhf8 23. Nf3 Kb8 24. Nfg5 Ka7 (24... Qc6 $142 25. bxc5 Nxc5 26. Nxc5 {[%mdl 64] Remove Defender} Qxc5) 25. bxc5 Nxc5 26. Nxc5 Bxc5 27. a4 Bc6 {[%emt 0:03:31] [#]} 28. a5 $1 Rd7 (28... Bxg2 29. Qxg2) 29. Ne4 Ba8 30. axb6+ Bxb6 {[%emt 0:00:10] [#]} 31. c5 $1 Ba5 (31... Bc6 32. cxb6+) 32. Bxa5 Qxa5 33. Ra2 Qc7 {[%emt 0:00:18] [#]} 34. Rxa6+ $3 {[%emt 0:00:50][%mdl 576] Decoy} Kxa6 35. Ra1+ {[%emt 0:00:10][%mdl 64] Skewer} Kb5 36. Qb2+ Kc6 37. Nd6+ {[%emt 0:00:14] Magnificent play by Bora!   Weighted Error Value: White=0.11 (very precise) /Black=1.05} 1-0

[Event "10th Cherry Blossom Classic 2023"]
[Site "Dulles"]
[Date "2023.05.25"]
[Round "1.10"]
[White "Kanli, Alperen"]
[Black "Hilby, Craig"]
[Result "1/2-1/2"]
[ECO "D33"]
[WhiteElo "2111"]
[BlackElo "2401"]
[Annotator "TA"]
[PlyCount "46"]
[EventDate "2023.05.24"]
[EventType "swiss"]
[EventCountry "USA"]
[SourceTitle "playchess.com"]
[Source "ChessBase"]
[SourceQuality "1"]
[TimeControl "5400+30"]

1. d4 d5 2. c4 e6 3. Nc3 c5 4. cxd5 exd5 5. Nf3 Nf6 6. g3 Nc6 7. Bg2 cxd4 $1 {[%emt 0:00:18][%mdl 4] is now more promising than 7...Be7.} 8. Nxd4 Bc5 9. Nb3 Bb6 {[%emt 0:00:07] D33: Tarrasch Defence: 6 g3 sidelines.} 10. O-O ({Much weaker is} 10. Bxd5 Nb4 11. Bf3 Qxd1+ 12. Kxd1 Bf5 $11) 10... d4 11. Na4 O-O {[%emt 0:00:11][%cal Bh8f8,Bf8d8,Bd8d2][%mdl 32] White is slightly better.} 12. Nxb6 axb6 13. Bxc6 bxc6 14. Qxd4 c5 (14... Bh3 {is interesting.} 15. Rd1 Qe7 16. Bg5 Qxe2 17. Qh4 Qg4) 15. Qxd8 Rxd8 16. Bg5 Be6 {[%emt 0:05:20] [#]} 17. Nd2 $146 {[%emt 0:01:17] White is weak on the light squares. The position is equal.} ({Predecessor:} 17. Rfd1 Rxd1+ 18. Rxd1 Ne4 19. Rd8+ Rxd8 20. Bxd8 b5 21. Bb6 c4 22. Nd4 Bd7 23. f3 {½-½ Ibarra Jerez,J (2570)-Sarana,A (2685) Titled Tuesday intern op 15 Mar Late blitz 2022 (11)}) 17... h6 ({But not} 17... Bxa2 18. Ne4 $14) 18. Bxf6 Rxd2 19. Bc3 Rxe2 20. a3 g5 21. Rfe1 Bc4 22. Rxe2 Bxe2 23. f4 Bf3 {[%emt 0:12:20] Weighted Error Value: White=0.05 (flawless) /Black=0.06 (flawless)} 1/2-1/2